SNL (28 & UNDER)
SALEM SILVER SOULS @ MEMPHIS BLUES
07/07/2026
 
TOP OF THE 1ST
Salem Silver Souls batting - Pitching for Memphis Blues : RHP Luis Ortíz
Pitching: RHP Luis Ortíz
Batting: LHB Nick Scott 0-0: Foul Ball, location: 2F
0-1: Ball
1-1: Ball
2-1: Ball
3-1: Base on Balls
Batting: RHB Augusto Baiano 0-0: Ball
1-0: Fly out, F5 (Popup, 5SF)
Batting: LHB Raúl Cordero 0-0: Ball
1-0: TRIPLE (Flyball, 9LD)
Nick Scott scores
Batting: LHB Ezechiele Bruno 0-0: Ball
1-0: Foul Ball, location: 2F
1-1: Called Strike
1-2: Strikes out swinging
Batting: RHB Mario Méndez 0-0: Ball
1-0: SINGLE (Line Drive, 6MD)
Raúl Cordero scores
Batting: LHB Millard Dye 0-0: Called Strike
0-1: Ground out 4-3 (Groundball, 4)
Top of the 1st over - 2 run(s), 2 hit(s), 0 error(s), 1 left on base; Salem 2 - Memphis 0
BOTTOM OF THE 1ST
Memphis Blues batting - Pitching for Salem Silver Souls : RHP Miguel Ortíz
Pitching: RHP Miguel Ortíz
Batting: SHB Terry Dailey 0-0: Called Strike
0-1: Called Strike
0-2: Ball
1-2: Strikes out swinging
Batting: RHB Jaime Spiridon 0-0: Called Strike
0-1: Ball
1-1: Foul Ball, location: 2F
1-2: Foul Ball, location: 2F
1-2: Ball
2-2: SINGLE (Line Drive, 4D)
Batting: LHB Phil Cantrell 0-0: Ball
1-0: Ball
2-0: SINGLE (Line Drive, 9LS)
Jaime Spiridon to second
Batting: RHB Scott Merritt 0-0: Foul Ball, location: 2F
0-1: Fly out, F9 (Flyball, 89D)
Runner from 2nd tags up, SAFE at 3rd, no throw
Batting: RHB Ed Starr 0-0: Ball
1-0: Called Strike
1-1: Foul Ball, location: 2F
1-2: Ball
2-2: Foul Ball, location: 2F
2-2: Foul Ball, location: 2F
2-2: Foul Ball, location: 2F
2-2: Ball
3-2: Fly out, F5 (Line Drive, 5D)
Bottom of the 1st over - 0 run(s), 2 hit(s), 0 error(s), 2 left on base; Salem 2 - Memphis 0
TOP OF THE 2ND
Salem Silver Souls batting - Pitching for Memphis Blues : RHP Luis Ortíz
Batting: RHB Gabriel Miranda 0-0: Ball
1-0: Called Strike
1-1: Ball
2-1: Ball
3-1: Foul Ball, location: 2F
3-2: Foul Ball, location: 2F
3-2: Base on Balls
Batting: RHB Gustavo Pagán 0-0: Fly out, F9 (Flyball, 9S)
Batting: SHB Francis Shaffer 0-0: Ball
Gabriel Miranda steals 2nd base
1-0: Ball
2-0: DOUBLE (Flyball, 8RXD)
Gabriel Miranda scores
Batting: LHB Nick Scott 0-0: Ball
1-0: Ground out 4-3 (Groundball, 4)
Francis Shaffer to third
Batting: RHB Augusto Baiano 0-0: Fly out, F8 (Flyball, 8RM)
Top of the 2nd over - 1 run(s), 1 hit(s), 0 error(s), 1 left on base; Salem 3 - Memphis 0
BOTTOM OF THE 2ND
Memphis Blues batting - Pitching for Salem Silver Souls : RHP Miguel Ortíz
Batting: LHB John Foster 0-0: DOUBLE (Line Drive, 9LS)
Batting: LHB Ricardo García 0-0: SINGLE (Line Drive, 4MD)
John Foster to third
Batting: SHB Fernando Gutiérrez 0-0: Called Strike
0-1: Ball
1-1: Foul Ball, location: 2F
1-2: Foul Ball, location: 2F
1-2: Grounds into double play, 5-4-3 (Groundball, 5)
John Foster scores
Batting: RHB Ángel Hernández 0-0: Ball
1-0: Foul Ball, location: 2F
1-1: Foul Ball, location: 2F
1-2: Foul Ball, location: 2F
1-2: Foul Ball, location: 2F
1-2: Ball
2-2: Ground out 6-3 (Groundball, 6S)
Bottom of the 2nd over - 1 run(s), 2 hit(s), 0 error(s), 0 left on base; Salem 3 - Memphis 1
TOP OF THE 3RD
Salem Silver Souls batting - Pitching for Memphis Blues : RHP Luis Ortíz
Batting: LHB Raúl Cordero 0-0: DOUBLE (Line Drive, 9D)
Batting: LHB Ezechiele Bruno 0-0: Ball
1-0: Ball
2-0: Called Strike
2-1: Foul Ball, location: 2F
2-2: Ground out 6-3 (Groundball, 6)
Batting: RHB Mario Méndez 0-0: Fly out, F7 (Flyball, 7M)
Batting: LHB Millard Dye 0-0: Ball
1-0: Ball
2-0: Called Strike
2-1: Ground out U3 (Groundball, 3)
Top of the 3rd over - 0 run(s), 1 hit(s), 0 error(s), 1 left on base; Salem 3 - Memphis 1
BOTTOM OF THE 3RD
Memphis Blues batting - Pitching for Salem Silver Souls : RHP Miguel Ortíz
Batting: SHB Terry Dailey 0-0: Called Strike
0-1: Fly out, F7 (Flyball, 7M)
Batting: RHB Jaime Spiridon 0-0: Foul Ball, location: 2F
0-1: Ball
1-1: Ball
2-1: Ball
3-1: Base on Balls
Batting: LHB Phil Cantrell 0-0: Foul Ball, location: 2F
0-1: Ball
1-1: Foul Ball, location: 2F
1-2: Ball
2-2: 2-RUN HOME RUN (Flyball, 9D), Distance : 398 ft
Batting: RHB Scott Merritt 0-0: Foul Ball, location: 2F
0-1: Foul Ball, location: 2F
0-2: Foul Ball, location: 2F
0-2: Foul Ball, location: 2F
0-2: Strikes out swinging
Batting: RHB Ed Starr 0-0: Ball
1-0: Ball
2-0: Called Strike
2-1: Swinging Strike
2-2: Foul Ball, location: 2F
2-2: Strikes out swinging
Bottom of the 3rd over - 2 run(s), 1 hit(s), 0 error(s), 0 left on base; Salem 3 - Memphis 3
TOP OF THE 4TH
Salem Silver Souls batting - Pitching for Memphis Blues : RHP Luis Ortíz
Batting: RHB Gabriel Miranda 0-0: Ball
1-0: Swinging Strike
1-1: Fly out, F9 (Flyball, 9D)
Batting: RHB Gustavo Pagán 0-0: Ball
1-0: Called Strike
1-1: Called Strike
1-2: Fly out, F4 (Line Drive, 4)
Batting: SHB Francis Shaffer 0-0: Ball
1-0: Foul Ball, location: 2F
1-1: Called Strike
1-2: Foul Ball, location: 2F
1-2: SINGLE (Line Drive, 89S)
Batting: LHB Nick Scott 0-0: Swinging Strike
0-1: Ball
1-1: Called Strike
1-2: Ball
2-2: Fielders Choice at 2nd, U4 (Groundball, 4M)
Top of the 4th over - 0 run(s), 1 hit(s), 0 error(s), 1 left on base; Salem 3 - Memphis 3
BOTTOM OF THE 4TH
Memphis Blues batting - Pitching for Salem Silver Souls : RHP Miguel Ortíz
Batting: LHB John Foster 0-0: Ball
1-0: Ball
2-0: Ball
3-0: Called Strike
3-1: Ground out 6-3 (Groundball, 6)
Batting: LHB Ricardo García 0-0: Called Strike
0-1: Ball
1-1: Foul Ball, location: 2F
1-2: Ball
2-2: Fly out, F8 (Line Drive, 8RS)
Batting: SHB Fernando Gutiérrez 0-0: Ball
1-0: Called Strike
1-1: Ball
2-1: Ball
3-1: Swinging Strike
3-2: Ground out 4-3 (Groundball, 4M)
Bottom of the 4th over - 0 run(s), 0 hit(s), 0 error(s), 0 left on base; Salem 3 - Memphis 3
TOP OF THE 5TH
Salem Silver Souls batting - Pitching for Memphis Blues : RHP Luis Ortíz
Batting: RHB Augusto Baiano 0-0: Called Strike
0-1: Ground out 4-3 (Groundball, 4)
Batting: LHB Raúl Cordero 0-0: Ball
1-0: Ball
2-0: Ball
3-0: Base on Balls
Batting: LHB Ezechiele Bruno 0-0: Hit by Pitch
Raúl Cordero to second
Batting: RHB Mario Méndez 0-0: SINGLE (Groundball, 15) (infield hit)
Raúl Cordero to third
Ezechiele Bruno to second
Batting: LHB Millard Dye 0-0: Ball
1-0: Ball
2-0: Called Strike
2-1: Ball
3-1: Base on Balls
Raúl Cordero scores
Ezechiele Bruno to third
Mario Méndez to second
Batting: RHB Gabriel Miranda 0-0: Ball
1-0: Fly out, F9 (Flyball, 9D)
Runner from 3rd tags up, SCORES, no throw
Mario Méndez to third
Batting: RHB Gustavo Pagán 0-0: TRIPLE (Flyball, 89M)
Mario Méndez scores
Millard Dye scores
Batting: SHB Francis Shaffer 0-0: DOUBLE (Groundball, 3L)
Gustavo Pagán scores
Pitching: LHP Mario Galván
Batting: LHB Nick Scott 0-0: Ball
1-0: Ball
2-0: SINGLE (Groundball, 56D)
Francis Shaffer to third
Runner from 3rd tries for Home, SAFE, no throw or cutoff
Batting: RHB Augusto Baiano 0-0: Foul Ball, location: 2F
0-1: Ball
1-1: Ball
2-1: Swinging Strike
2-2: Strikes out swinging
Top of the 5th over - 6 run(s), 4 hit(s), 0 error(s), 1 left on base; Salem 9 - Memphis 3
BOTTOM OF THE 5TH
Memphis Blues batting - Pitching for Salem Silver Souls : RHP Miguel Ortíz
Batting: RHB Ángel Hernández 0-0: Foul Ball, location: 2F
0-1: Ball
1-1: Ball
2-1: Ball
3-1: Base on Balls
Batting: SHB Terry Dailey 0-0: Ball
1-0: Called Strike
1-1: Foul Ball, location: 2F
1-2: Ball
2-2: DOUBLE (Flyball, 8RXD)
Ángel Hernández to third
Pitching: RHP Phil Schroeder
Batting: RHB Jaime Spiridon 0-0: Called Strike
0-1: Fly out, F7 (Flyball, 78XD)
Runner from 3rd tags up, SCORES, no throw
Terry Dailey to third
Batting: LHB Phil Cantrell 0-0: Ball
1-0: Ball
2-0: Called Strike
2-1: SINGLE (Line Drive, 89S)
Terry Dailey scores
Batting: RHB Scott Merritt 0-0: Called Strike
Phil Cantrell steals 2nd base
0-1: Ball
1-1: Ball
2-1: Ground out 1-3 (Groundball, 15)
Batting: RHB Ed Starr 0-0: Ball
1-0: Ball
2-0: Called Strike
2-1: Foul Ball, location: 2F
2-2: Ball
3-2: Foul Ball, location: 2F
3-2: SINGLE (Line Drive, 56)
Phil Cantrell to third
Phil Cantrell scores
Batting: LHB John Foster 0-0: Ball
Wild Pitch!
Ed Starr to second
1-0: Ball
2-0: Called Strike
2-1: Ball
3-1: Base on Balls
Batting: LHB Ricardo García 0-0: Foul Ball, location: 2F
0-1: Ground out 4-3 (Groundball, 4)
Bottom of the 5th over - 3 run(s), 3 hit(s), 0 error(s), 2 left on base; Salem 9 - Memphis 6
TOP OF THE 6TH
Salem Silver Souls batting - Pitching for Memphis Blues : LHP Mario Galván
Batting: LHB Raúl Cordero 0-0: Foul Ball, location: 2F
0-1: Ball
1-1: Called Strike
1-2: Ground out 4-3 (Groundball, 4)
Batting: LHB Ezechiele Bruno 0-0: Ball
1-0: Ball
2-0: Ball
3-0: Base on Balls
Batting: RHB Mario Méndez 0-0: Ball
1-0: Foul Ball, location: 2F
1-1: Ball
2-1: DOUBLE (Flyball, 78D)
Ezechiele Bruno to third
Batting: LHB Millard Dye 0-0: Called Strike
0-1: Ball
1-1: Hit by Pitch
Batting: RHB Gabriel Miranda 0-0: Ball
1-0: Called Strike
1-1: Ball
2-1: Ball
3-1: Base on Balls
Ezechiele Bruno scores
Mario Méndez to third
Millard Dye to second
Batting: RHB Gustavo Pagán 0-0: Swinging Strike
0-1: Ball
1-1: Fly out, F3 (Popup, 3F)
Batting: SHB Francis Shaffer 0-0: Ball
1-0: Swinging Strike
1-1: Ball
2-1: Fielders Choice at 2nd, 5-4 (Groundball, 5)
Top of the 6th over - 1 run(s), 1 hit(s), 0 error(s), 2 left on base; Salem 10 - Memphis 6
BOTTOM OF THE 6TH
Memphis Blues batting - Pitching for Salem Silver Souls : RHP Phil Schroeder
Batting: SHB Fernando Gutiérrez 0-0: Called Strike
0-1: Foul Ball, location: 2F
0-2: Ball
1-2: Ball
2-2: Ball
3-2: Base on Balls
Batting: RHB Ángel Hernández 0-0: Called Strike
0-1: Called Strike
0-2: Ball
1-2: SINGLE (Line Drive, 4MD)
Fernando Gutiérrez to second
Batting: SHB Terry Dailey 0-0: Called Strike
0-1: Foul Ball, location: 2F
0-2: Ball
1-2: SINGLE (Line Drive, 8RS)
Fernando Gutiérrez to third
Ángel Hernández to second
Batting: RHB Jaime Spiridon 0-0: Ball
1-0: Ball
2-0: Called Strike
2-1: Fly out, F8 (Flyball, 78M)
Runner from 3rd tags up, SCORES, throw made
Batting: LHB Phil Cantrell 0-0: Called Strike
0-1: Ball
1-1: Called Strike
1-2: Foul Ball, location: 2F
1-2: SINGLE (Groundball, 34D)
Ángel Hernández to third
Terry Dailey to second
Runner from 3rd tries for Home, SAFE, throw made home
Terry Dailey to third
Phil Cantrell to second
Batting: RHB Scott Merritt 0-0: Ball
1-0: Swinging Strike
1-1: Fly out, F9 (Flyball, 9M)
Runner from 3rd tags up, SCORES, no throw
Pitching: RHP Mario Navarro
Batting: RHB Ed Starr 0-0: Called Strike
0-1: Ball
1-1: Swinging Strike
1-2: Foul Ball, location: 2F
1-2: Foul Ball, location: 2F
1-2: Ball
2-2: Ball
3-2: Foul Ball, location: 2F
3-2: Fly out, F7 (Flyball, 7M)
Bottom of the 6th over - 3 run(s), 3 hit(s), 0 error(s), 1 left on base; Salem 10 - Memphis 9
TOP OF THE 7TH
Salem Silver Souls batting - Pitching for Memphis Blues : LHP Mario Galván
Pitching: RHP Carlos Ledezma
Batting: LHB Nick Scott 0-0: Foul Ball, location: 2F
0-1: Foul Ball, location: 2F
0-2: Ball
1-2: Foul Ball, location: 2F
1-2: Foul Ball, location: 2F
1-2: Strikes out swinging
Batting: RHB Augusto Baiano 0-0: Ground out 4-3 (Groundball, 4)
Batting: LHB Raúl Cordero 0-0: SINGLE (Line Drive, 4MD)
Batting: LHB Ezechiele Bruno 0-0: Ball
1-0: Ball
2-0: Ball
3-0: Called Strike
3-1: Base on Balls
Raúl Cordero to second
Batting: RHB Mario Méndez 0-0: Ball
1-0: Ball
2-0: Called Strike
2-1: Swinging Strike
2-2: Strikes out swinging
Top of the 7th over - 0 run(s), 1 hit(s), 0 error(s), 2 left on base; Salem 10 - Memphis 9
BOTTOM OF THE 7TH
Memphis Blues batting - Pitching for Salem Silver Souls : RHP Mario Navarro
Batting: LHB John Foster 0-0: Ball
1-0: Swinging Strike
1-1: Ball
2-1: Foul Ball, location: 2F
2-2: Foul Ball, location: 2F
2-2: Strikes out swinging
Batting: LHB Ricardo García 0-0: Swinging Strike
0-1: Fly out, F8 (Flyball, 8RS)
Batting: SHB Fernando Gutiérrez 0-0: Foul Ball, location: 2F
0-1: Ball
1-1: Ball
2-1: Ball
3-1: Base on Balls
Pinch Runner at 1st Mark Folger:
Batting: RHB Ángel Hernández 0-0: Ball
1-0: Foul Ball, location: 2F
1-1: Ball
2-1: Swinging Strike
2-2: Strikes out swinging
Bottom of the 7th over - 0 run(s), 0 hit(s), 0 error(s), 1 left on base; Salem 10 - Memphis 9
TOP OF THE 8TH
Salem Silver Souls batting - Pitching for Memphis Blues : RHP Carlos Ledezma
Now in RF: Mark Folger
Batting: LHB Millard Dye 0-0: Foul Ball, location: 2F
0-1: Ball
1-1: SINGLE (Line Drive, 56D)
Batting: RHB Gabriel Miranda 0-0: Ball
1-0: Called Strike
1-1: Called Strike
1-2: Ball
2-2: Foul Ball, location: 2F
2-2: Ball
3-2: Reached on error, E1 (Groundball, 13)
Millard Dye to second
Batting: RHB Gustavo Pagán 0-0: Ball
1-0: Ball
2-0: Sac Bunt - play at first, batter OUT! 1-4
Millard Dye to third
Gabriel Miranda to second
Batting: SHB Francis Shaffer 0-0: Ball
1-0: Foul Ball, location: 2F
1-1: Fly out, F6 (Popup, 6S)
Batting: LHB Nick Scott 0-0: Ball
1-0: Ball
2-0: Ground out 5-3 (Groundball, 56S)
Top of the 8th over - 0 run(s), 1 hit(s), 1 error(s), 2 left on base; Salem 10 - Memphis 9
BOTTOM OF THE 8TH
Memphis Blues batting - Pitching for Salem Silver Souls : RHP Mario Navarro
Pitching: RHP Pat Wyatt
Batting: SHB Terry Dailey 0-0: Called Strike
0-1: Called Strike
0-2: Ball
1-2: Strikes out looking
Batting: RHB Jaime Spiridon 0-0: Ball
1-0: Ground out 5-3 (Groundball, 56)
Batting: LHB Phil Cantrell 0-0: Ball
1-0: Swinging Strike
1-1: Ball
2-1: Swinging Strike
2-2: Strikes out swinging
Bottom of the 8th over - 0 run(s), 0 hit(s), 0 error(s), 0 left on base; Salem 10 - Memphis 9
TOP OF THE 9TH
Salem Silver Souls batting - Pitching for Memphis Blues : RHP Carlos Ledezma
Pitching: LHP Fernando Palácios
Batting: RHB Augusto Baiano 0-0: Called Strike
0-1: Ball
1-1: Swinging Strike
1-2: Strikes out swinging
Batting: LHB Raúl Cordero 0-0: Foul Ball, location: 2F
0-1: Called Strike
0-2: SINGLE (Groundball, 6MD)
Pinch Hitting: RHB Ron Edwards 0-0: Foul Ball, location: 2F
0-1: SINGLE (Flyball, 8LS)
Raúl Cordero to second
Batting: RHB Mario Méndez 0-0: Foul Ball, location: 2F
0-1: Ball
1-1: Called Strike
1-2: Ground out 3-1 (Groundball, 34)
Raúl Cordero to third
Ron Edwards to second
Batting: LHB Millard Dye 0-0: Foul Ball, location: 2F
0-1: Called Strike
0-2: Strikes out looking
Top of the 9th over - 0 run(s), 2 hit(s), 0 error(s), 2 left on base; Salem 10 - Memphis 9
BOTTOM OF THE 9TH
Memphis Blues batting - Pitching for Salem Silver Souls : RHP Pat Wyatt
Pitching: RHP Andy Hickey
Now in LF: Ron Edwards
Pinch Hitting: LHB Chris Austin 0-0: Ball
1-0: Ball
2-0: Ball
3-0: Base on Balls
Pinch Runner at 1st José Cabral:
Batting: RHB Ed Starr 0-0: Called Strike
0-1: Ball
1-1: Ball
2-1: Foul Ball, location: 2F
2-2: Grounds into double play, U6-3 (Groundball, 6)
Batting: LHB John Foster 0-0: Called Strike
0-1: Foul Ball, location: 2F
0-2: Strikes out swinging
Bottom of the 9th over - 0 run(s), 0 hit(s), 0 error(s), 0 left on base; Salem 10 - Memphis 9
Monday, December 5th, 2016 - OOTP Baseball 17.12 Build 75